 Dungeon Crawl Stone Soup version 0.20.1-1-g8b1a95d (webtiles) character file.

167 Mesmaeker13 the Digger (level 5, -8/42 HPs)
             Began as a Deep Dwarf Earth Elementalist on July 12, 2017.
             Killed from afar by Sigmund (9 damage)
             ... with a puff of flame
             ... on level 4 of the Dungeon.
             The game lasted 00:06:48 (2053 turns).

Mesmaeker13 the Digger (DDEE)                       Turns: 2053, Time: 00:06:49

Health: -8/42      AC:  3    Str: 14    XL:     5   Next: 23%
Magic:  7/9        EV: 14    Int: 17    God:
Gold:   191        SH:  0    Dex: 13    Spells: 6/10 levels left

rFire    . . .     SeeInvis .   t - +0 dagger (venom)
rCold    . . .     Gourm    .   (no shield)
rNeg     . . .     Faith    .   c - +0 robe
rPois    .         Spirit   .   (no helmet)
rElec    .         Reflect  .   (no cloak)
rCorr    .         Harm     .   (no gloves)
MR       .....                  y - +0 pair of boots
Stlth    ++........             g - amulet of magic regeneration
Regen    0.0/turn               x - +3 ring of strength
MPRegen  0.2/turn               (no ring)

@: non-regenerating
A: damage resistance, heal wounds, sense surroundings 1, no regeneration
a: Heal Wounds


You were on level 4 of the Dungeon.
You were not hungry.

You visited 1 branch of the dungeon, and saw 4 of its levels.

You collected 191 gold pieces.

Inventory:

Hand Weapons
 t - a +0 dagger of venom (weapon)
Missiles
 b - 26 stones (quivered)
Armour
 c - a +0 robe (worn)
 y - a +0 pair of boots (worn)
Jewellery
 g - an amulet of magic regeneration (around neck)
 x - a +3 ring of strength (left hand)
Wands
 B - a wand of random effects (19/48)
Scrolls
 a - 2 scrolls of teleportation
 f - a scroll of magic mapping {unknown}
 i - a scroll of blinking {unknown}
 k - 3 scrolls of remove curse
 l - a scroll of random uselessness {unknown}
 p - 2 scrolls of recharging {unknown}
 q - 2 scrolls of identify {unknown}
 u - a scroll of immolation {unknown}
 w - 2 scrolls of amnesia {unknown}
Potions
 h - 3 potions of haste {unknown}
 o - 2 potions of agility {unknown}
 r - a potion of invisibility {unknown}
 s - a potion of resistance {unknown}
 v - a potion of degeneration {unknown}
Books
 e - a book of Geomancy

   Spells                             Type                      Level
   a - Sandblast                      Earth                        1
   b - Passwall                       Transmutation/Earth          2
   c - Stone Arrow                    Conjuration/Earth            3
   d - Petrify                        Transmutation/Earth          4
   e - Lee's Rapid Deconstruction     Earth                        5
 m - a book of Misfortune

   Spells                             Type                      Level
   a - Confusing Touch                Hexes                        1
   b - Confuse                        Hexes                        3
   c - Gell's Gravitas                Translocation                3
   d - Petrify                        Transmutation/Earth          4
   e - Metabolic Englaciation         Hexes/Ice                    5
   f - Yara's Violent Unravelling     Hexes/Transmutation          5
Comestibles
 d - 5 bread rations
 j - a royal jelly
 n - 3 meat rations
 z - 3 chunks of flesh


   Skills:
 + Level 3.8 Dodging
 - Level 2.4 Stealth
 - Level 3.0 Spellcasting
 + Level 0.6 Conjurations
   Level 0.8 Transmutations
 + Level 5.4 Earth Magic


You had 6 spell levels left.
You knew the following spells:

 Your Spells              Type           Power        Failure   Level  Hunger
a - Sandblast             Erth           ###...       1%          1    None
b - Stone Arrow           Conj/Erth      ##....       16%         3    ###....


Dungeon Overview and Level Annotations

Branches:
Dungeon (4/15)
 Temple: D:4-7

Altars:
Ashenzari
Cheibriados

Annotations:
D:4 Sigmund


Innate Abilities, Weirdness & Mutations

You are resistant to damage.
You can heal yourself by infusing magical energy.
You passively map a small area around you.
You do not regenerate.


Message History

The blast of sand hits the hound skeleton.
You destroy the hound skeleton!
b - 26 stones Evoke which item? (* to show all) (? for menu, Esc to quit)
Aiming: Random Effects (will waste charges)
Press: ? - help, Shift-Dir - straight line, f - Sigmund
Aim: Sigmund, wielding a scythe and wearing a robe (moderately wounded) Sigmund flickers and vanishes!
Evoking this partially-identified wand wasted a few charges.
Something hits you!
* * * LOW HITPOINT WARNING * * *
A puff of flame appears from out of thin air!
The puff of flame hits you!
* * * LOW HITPOINT WARNING * * *
A magic dart appears from out of thin air!
The magic dart hits you!
* * * LOW HITPOINT WARNING * * *
A puff of flame appears from out of thin air!
The puff of flame hits you!
You die...

* #.#,*, ##.#.#
#..#.# * ,
#=##.#,* #.##.#,
#.##.# #.##.# * *
#.##.#, * , #.##@#
* #.##.#, , #.##.#
.# #.##.# .#
#.##.# #.# #.##.#
# .. ## ####.##.#
###.♣P.♣ #....##.#
##.♣♣§P♣♣♣.#####.#


There were no monsters in sight!

Vanquished Creatures
  A worker ant (D:3)
  2 hound skeletons (D:4)
  4 gnolls (D:3)
  2 adders (D:2)
  2 oozes
  2 worms
  2 leopard geckos (D:3)
  3 giant cockroaches
  3 goblins
  7 hobgoblins
  3 jackals (D:1)
  5 kobolds
  3 quokkas (D:4)
  A ball python (D:3)
  4 bats
  3 frilled lizards
  2 quokka skeletons (D:4)
  2 rats
51 creatures vanquished.

Vanquished Creatures (others)
  5 toadstools (D:1)
5 creatures vanquished.

Grand Total: 56 creatures vanquished

Notes
Turn   | Place    | Note
-------+----------+-------------------------------------------
     0 | D:1      | Mesmaeker13 the Deep Dwarf Earth Elementalist began the quest for the Orb.
     0 | D:1      | Reached XP level 1. HP: 15/15 MP: 3/3
   342 | D:1      | Reached XP level 2. HP: 22/22 MP: 1/4
   662 | D:2      | Reached XP level 3. HP: 28/28 MP: 1/6
  1038 | D:2      | Learned a level 3 spell: Stone Arrow
  1116 | D:3      | Found a shattered altar of Ashenzari.
  1287 | D:3      | Reached XP level 4. HP: 28/36 MP: 1/7
  1319 | D:3      | Reached skill level 5 in Earth Magic
  1763 | D:4      | Found a snail-covered altar of Cheibriados.
  1807 | D:4      | Reached XP level 5. HP: 20/42 MP: 5/9
  1846 | D:4      | Noticed an ogre
  1991 | D:4      | Noticed Sigmund
  2049 | D:4      | HP: 1/42 [something/magic dart (3)]
  2053 | D:4      | Killed from afar by Sigmund

Skill      XL: |  1  2  3  4 |
---------------+-------------+-----
Spellcasting   | 2 3 |  3.0
Dodging        | 3 |  3.8
Earth Magic    | 5 |  5.4
Stealth        | |  2.4
Conjurations   | |  0.6
Transmutations | |  0.8

Action                   |  1- 3 |  4- 6 || total
-------------------------+-------+-------++-------
Melee: Unarmed           |     7 |       ||     7
       Short sword       |     4 |       ||     4
       Dagger            |    16 |    20 ||    36
Throw: Stone             |     1 |       ||     1
 Cast: Sandblast         |    50 |    33 ||    83
       Stone Arrow       |     1 |     3 ||     4
 Abil: Heal Wounds       |       |     1 ||     1
Evoke: Wand              |       |     4 ||     4
  Use: Scroll            |     1 |     2 ||     3
  Eat: Chunk             |     2 |     3 ||     5
Armor: Robe              |    10 |     6 ||    16
Dodge: Dodged            |    30 |    26 ||    56
